 Dungeon Crawl Stone Soup version 0.14-a0-840-g06343e3 (webtiles) character file.

97533 4tharraofdagon the Brawler (level 15, -8/145 HPs)
             Began as a Troll Monk on Nov 13, 2013.
             Was the Champion of Zin.
             Killed by divine providence
             ... invoked by a deep elf high priest
              (15 damage)
             ... on Level 3 of the Elven Halls on Nov 14, 2013.
             The game lasted 02:01:26 (14263 turns).

4tharraofdagon the Brawler (Troll Monk)            Turns: 14263, Time: 02:01:26

HP  -8/145       AC 26     Str 26      XL: 15   Next: 70%
MP  31/31        EV  6     Int 19      God: Zin [******]
Gold 831         SH 24     Dex 12      Spells:  2 memorised, 19 levels left

Res.Fire  : + + .   See Invis. : +     - Unarmed
Res.Cold  : . . .   Warding    : .   j - +4 fire dragon armour "Kuozaxit" {rF++ rC- SInv}
Life Prot.: . . .   Conserve   : +   w - +2 shield
Res.Poison: +       Res.Corr.  : .   f - +3 hat of Pondering {ponderous, MR+ MP+10 Int+5}
Res.Elec. : .       Clarity    : .   Y - +0 cloak of Howugoack {+Fly rC+ Dex-3}
Sust.Abil.: . .     Spirit.Shd : .   (gloves unavailable)
Res.Mut.  : .       Stasis     : .   (boots unavailable)
Res.Rott. : .       Flight     : .   m - amulet of conservation
Gourmand  : +                        F - ring of poison resistance
                                     o - +3 ring of protection

@: vitalised, very slightly contaminated, hasted, drained, quick, quite
resistant to hostile enchantments, extremely unstealthy
A: unfitting armour, claws 3, horns 1, blink 1, fast metabolism 3, gourmand,
regeneration 2, saprovore 2, tough skin 2, AC +3
a: Blink, Recite, Vitalisation, Imprison, Sanctuary, Cure All Mutations,
Renounce Religion, Evoke Flight


You were on level 3 of the Elven Halls.
You worshipped Zin.
Zin was exalted by your worship.
You were full.

You visited 4 branches of the dungeon, and saw 31 of its levels.
You also visited: Labyrinth.

You collected 1659 gold pieces.
You spent 666 gold pieces at shops.
You donated 162 gold pieces.

Inventory:

Hand weapons
 S - the +8,+4 spear of Dismay {flame, rElec rF++ Stlth++, unknown}
   (You found it on level 9 of the Dungeon)

   It emits flame when wielded, causing extra injury to most foes and up to
   double damage against particularly susceptible opponents.
   It greatly protects you from fire.
   It insulates you from electricity.
   It makes you much more stealthy.
Missiles
 q - 3 large rocks (quivered)
 y - 17 darts of dispersal
 H - a throwing net
Armour
 f - the +3 hat of Pondering (worn) {ponderous, MR+ MP+10 Int+5}
   (You took it off Gastronok on level 7 of the Dungeon)

   It affects your intelligence (+5).
   It affects your resistance to hostile enchantments.
   It affects your magic capacity (+10).
 j - the +4 fire dragon armour "Kuozaxit" (worn) {rF++ rC- SInv}
   (You found it in a labyrinth)

   It greatly protects you from fire.
   It makes you vulnerable to cold.
   It enhances your eyesight.
 w - a +2 shield (worn)
 Y - the +0 cloak of Howugoack (worn) {+Fly rC+ Dex-3}
   (You bought it in a shop on level 4 of the Orcish Mines)

   It affects your dexterity (-3).
   It protects you from cold.
   It lets you fly.
Magical devices
 a - a wand of cold (5)
 s - a wand of digging (9)
 D - a wand of teleportation (7)
 G - a wand of hasting (7)
Comestibles
 b - 11 meat rations
 A - 14 bread rations
Scrolls
 g - 3 scrolls of magic mapping
 i - 3 scrolls of teleportation
 t - 2 scrolls of immolation
 u - 3 scrolls of remove curse
 C - a scroll of enchant armour
 E - a scroll of noise
 P - 3 scrolls of blinking
 V - a scroll of fog
 W - 2 scrolls of fear
Jewellery
 d - an uncursed ring of magical power
 h - an uncursed ring of ice
 m - an amulet of conservation (around neck)
 o - a +3 ring of protection (left claw)
 p - an uncursed ring of flight
 v - an uncursed ring of fire
 F - a ring of poison resistance (right claw)
Potions
 c - 3 potions of curing
 e - a potion of degeneration {unknown}
 n - a potion of slowing {unknown}
 x - a potion of restore abilities
 B - a potion of strong poison {unknown}
 I - a potion of flight
 J - a potion of invisibility {unknown}
 K - a potion of speed
 Q - 2 potions of resistance {unknown}
 T - a potion of magic
 U - a potion of berserk rage
Books
 l - a book of Wizardry

   Spells                             Type                      Level
   Summon Elemental                   Summoning                    4
   Agony                              Necromancy                   5
   Force Lance                        Conjuration                  5
   Fireball                           Conjuration/Fire             5
   Haste                              Charms                       6
   Invisibility                       Hexes                        6
 r - a book of Cantrips

   Spells                             Type                      Level
   Confusing Touch                    Hexes                        1
   Animate Skeleton                   Necromancy                   1
   Summon Small Mammal                Summoning                    1
   *Apportation                       Translocation                1
 X - a book of the Warp

   Spells                             Type                      Level
   Recall                             Summoning/Translocation      3
   Control Teleport                   Charms/Translocation         4
   Phase Shift                        Translocation                5
   Warp Weapon                        Charms/Translocation         5
   Dispersal                          Translocation                6
   Controlled Blink                   Translocation                7
   Disjunction                        Translocation                8
Miscellaneous
 k - a phial of floods
 N - a sack of spiders
Rods
 L - a +1 rod of warding (13/13)
   (You found it on level 6 of the Lair of Beasts)
 O - a +9 rod of fiery destruction (10/10)
   (You found it in a labyrinth)


   Skills:
 + Level 10.4(9.6) Fighting
 + Level 7.3(6.6) Armour
 - Level 2.4(1.8) Dodging
 - Level 1.1(0.5) Stealth
 + Level 7.7(7.0) Shields
 * Level 16.2(15.3) Unarmed Combat
 - Level 4.2(3.5) Spellcasting
 - Level 6.6(5.9) Translocations
 + Level 7.3(6.6) Invocations
 + Level 7.2(6.5) Evocations


You had 19 spell levels left.
You knew the following spells:

 Your Spells              Type           Power        Failure   Level  Hunger
a - Repel Missiles        Chrm/Air       #.........   75%         2    ##.....
b - Apportation           Tloc           ####......   4%          1    None


Dungeon Overview and Level Annotations

Branches:
Dungeon (16/16)            Temple (0/1) D:6             Orc (4/4) D:10
    Elf (3/3) Orc:4          Lair (8/8) D:8           Swamp (0/5) Lair:6
 Spider (0/5) Lair:6        Slime (0/6) Lair:7       Depths (0/6) D:16

Altars:
Elyvilon
Fedhas
Kikubaaqudgha
Makhleb
Trog
Yredelemnul
Zin
Beogh

Shops:
D:10 %   D:12 [   D:14 /   Orc:4 [[((

Portals:
Hell: Lair:8
Trove: Elf:3 (give +6,+5 demon trident)

Annotations:
Lair:5 Troxan's ghost, powerful DEFE


Innate Abilities, Weirdness & Mutations

You are too large for most types of armour.
You have claws for hands.
Your metabolism is lightning-fast.
You like to eat raw meat.
You heal very quickly.
You can eat rotten meat.
You are covered in fur (AC +1).
You have very tough skin (AC +2).
You have a pair of small horns on your head.
You are partially covered in slimy green scales (AC +2).
You can translocate small distances at will.


Message History

The large abomination is lightly damaged.
Unknown command.
You miss the large abomination.
Your headbutt misses the large abomination.
The large abomination is lightly damaged.
The large abomination hits you!
* * * LOW HITPOINT WARNING * * *
Drink which item? (? for menu, Esc to quit)
You feel yourself speed up. The large abomination hits you!
* * * LOW HITPOINT WARNING * * *
You are very lightly contaminated with residual magic.
Unknown command.
The deep elf high priest calls down the wrath of its god upon you.
Something smites you! Zin protects you from harm!
Unknown command.
Unknown command.
The deep elf high priest calls down the wrath of its god upon you.
Something smites you!
You die...

,**,** ******,,,,,,,,,,***,*,
,,,,* *,,,,,,********,***,*,
,**** *.#***** *,**,,*, ,,* ##.#
*.**,**,
..***######..#############.##,**,
..,,,,..##......#..............,,
..#####.##..#*#.#.......#*#.#.#*,
......#.##..###.#.......###<#.#*,
......).........@.......##....#*,
......#.#....##.#.......##..#.#*,
....###.#.......#.......##..#.##.
........#.......#................
..#.#####f.....####X###.##.#.####
..#.# ##.....# ##.###.#.#...#
.##.######.....# ##e###.#.#f.#
........#####.##** ##.#.#)##..#
...####.# #..,,* ##)###.#e.#


You could see a deep elf high priest and a large abomination.

Vanquished Creatures
  2 deep elf sorcerers (Elf:3)
  An orc warlord (Orc:4)
  Gastronok (D:7)
  Jorgrun (Elf:2)
  2 deep elf annihilators (Elf:3)
  A vampire knight (D:12)
  2 deep elf demonologists (Elf:3)
  2 dire elephants (Lair:8)
  Snorg (Elf:3)
  A deep elf death mage (Elf:3)
  A minotaur (Lab)
  A fire dragon (D:16)
  Fannar (D:15)
  Josephine (D:14)
  3 hydras (Lair:8)
  A ravenous feature mimic (Lair:8)
  Erica (Orc:2)
  8 death yaks
  3 orc high priests (Orc:4)
  A vampire mage (D:12)
  Urug (D:11)
  A catoblepas (Lair:6)
  2 centaur warriors (D:13)
  A sun demon (Lair:8)
  2 unseen horrors
  A deep elf knight (Elf:2)
  5 skeletal warriors (D:11)
  6 hill giants
  An orc knight (Orc:4)
  An oklob plant (D:14)
  A deep elf conjurer (Elf:2)
  2 griffons
  2 cyclopes
  2 orc sorcerers (Orc:4)
  24 elephants
  A black mamba (Lair:3)
  Maurice (D:11)
  9 spiny frogs
  2 deep elf summoners
  A feature mimic (D:14)
  Psyche (D:8)
  A queen ant (Lair:3)
  An orange demon (Lair:8)
  A smoke demon (Lair:8)
  A fire drake (Lair:3)
  2 red devils (Lair:8)
  7 hellwings (Lair:8)
  A blue devil (Orc:4)
  3 trolls
  A hydra zombie (D:15)
  A minotaur zombie (Lab)
  5 komodo dragons
  2 giant leeches (Lair:6)
  4 deep elf priests
  A two-headed ogre (D:16)
  A grizzly bear (Lair:5)
  7 slime creatures
  2 basilisks
  2 trapdoor spiders (Lair:6)
  14 blink frogs
  6 flying skulls (D:12)
  2 shadows (D:14)
  A water elemental (D:12)
  3 sharks (D:12)
  2 hill giant zombies
  2 redbacks (Lair:7)
  2 wyverns
  4 deep elf magi
  45 yaks
  6 vampires (D:12)
  14 wolves
  Eustachio (D:7)
  4 hippogriffs
  2 elephant slugs
  2 hungry ghosts
  13 soldier ants
  A mottled dragon (D:14)
  6 deep elf fighters
  A hill giant skeleton (D:15)
  Menkaure (D:5)
  11 human zombies
  3 manticores
  9 porcupines
  3 phantoms
  A sky beast (D:13)
  31 orc warriors
  A black bear (D:11)
  An ice beast (D:14)
  5 ogres
  10 centaurs
  8 boring beetles
  2 giant goldfish
  A yellow wasp (D:9)
  2 wargs
  A lava worm (D:14)
  2 rotting devils
  16 water moccasins
  9 giant frogs
  3 giant slugs
  11 crocodiles
  8 agate snails
  A big kobold (D:12)
  A gnoll sergeant (D:7)
  A cyclops skeleton (D:13)
  4 killer bees (D:12)
  An eye of draining (D:12)
  A lava fish (D:14)
  2 electric eels (D:12)
  5 jellyfish
  An eye of draining (shapeshifter) (D:11)
  A yak skeleton (D:15)
  2 quasits
  A goliath beetle (D:14)
  6 crimson imps
  7 jellies
  3 big fish
  3 scorpions
  8 hounds
  A giant frog zombie (D:11)
  An iron imp (D:7)
  15 orc priests
  16 orc wizards
  2 orange rats (D:12)
  10 iguanas
  19 worker ants
  6 sheep (Lair:2)
  A big kobold zombie (D:13)
  A mottled dragon zombie (D:15)
  A big kobold skeleton (D:11)
  A mummy (D:14)
  8 gnolls
  13 adders
  2 giant centipedes (D:11)
  64 green rats
  2 giant mites (D:7)
  2 worms
  A scorpion zombie (D:10)
  2 giant centipede zombies
  3 giant eyeballs
  3 oozes (Lair:7)
  108 orcs
  13 bats
  5 hobgoblins
  7 jackals
  4 quokkas
  A ball python (D:3)
  A giant cockroach (D:5)
  6 giant geckos
  A giant mite zombie (D:3)
  A giant spore (D:13)
  5 goblins
  10 kobolds
  12 rats
  4 ballistomycetes (D:13)
  A plant (Lair:5)
816 creatures vanquished.

Vanquished Creatures (collateral kills)
  A vampire (D:12)
1 creature vanquished.

Vanquished Creatures (others)
  A wizard (Lair:8)
  A trapdoor spider (Orc:4)
  An orange rat (D:12)
  A jackal (Lair:5)
  2 bats (D:12)
  4 fungi
  6 plants
16 creatures vanquished.

Grand Total: 833 creatures vanquished

Notes
Turn   | Place    | Note
--------------------------------------------------------------
     0 | D:1      | 4tharraofdagon, the Troll Monk, began the quest for the Orb.
     0 | D:1      | Reached XP level 1. HP: 20/20 MP: 0/0
    51 | D:3      | Paralysed by a potion of paralysis for 6 turns
   110 | D:3      | Found an ancient bone altar of Kikubaaqudgha.
   114 | D:3      | Found a basalt altar of Yredelemnul.
   117 | D:3      | Found a glowing silver altar of Zin.
   120 | D:3      | Found a white marble altar of Elyvilon.
   126 | D:3      | Became a worshipper of Zin the Law-Giver
   126 | D:3      | Acquired Zin's first power
   126 | D:3      | Acquired Zin's second power
   158 | D:3      | Gained mutation: You can translocate small distances at will. [potion of mutation]
   158 | D:3      | Gained mutation: You have a pair of small horns on your head. [potion of mutation]
   158 | D:3      | Gained mutation: You are partially covered in slimy green scales (AC +2). [potion of mutation]
   187 | D:2      | Reached XP level 2. HP: 28/28 MP: 0/0
   301 | D:3      | Reached skill level 1 in Invocations
   319 | D:3      | Reached XP level 3. HP: 35/35 MP: 1/1
   337 | D:3      | Reached XP level 4. HP: 19/44 MP: 1/1
   338 | D:3      | Reached skill level 5 in Unarmed Combat
   665 | D:5      | Entered Level 5 of the Dungeon
   835 | D:5      | Noticed Menkaure
   846 | D:5      | Killed Menkaure
   846 | D:5      | Reached XP level 5. HP: 11/52 MP: 2/2
   861 | D:5      | Noticed an ogre
   904 | D:5      | Killed an ogre
   904 | D:5      | Reached skill level 6 in Unarmed Combat
   904 | D:5      | Reached XP level 6. HP: 35/59 MP: 4/4
   959 | D:6      | Found a staircase to the Ecumenical Temple.
  1325 | D:7      | Reached XP level 7. HP: 63/67 MP: 5/5
  1382 | D:7      | Noticed Eustachio
  1405 | D:7      | Killed Eustachio
  1478 | D:8      | Noticed Gastronok
  1512 | D:7      | Killed Gastronok
  1512 | D:7      | Reached skill level 5 in Fighting
  1512 | D:7      | Reached skill level 9 in Unarmed Combat
  1512 | D:7      | Reached skill level 5 in Invocations
  1512 | D:7      | Reached XP level 8. HP: 39/78 MP: 6/8
  1566 | D:8      | Reached XP level 9. HP: 65/85 MP: 10/10
  1724 | D:8      | Reached skill level 1 in Evocations
  1998 | D:8      | Noticed Psyche
  2010 | D:8      | Killed Psyche
  2010 | D:8      | Reached skill level 10 in Unarmed Combat
  2138 | D:8      | Acquired Zin's third power
  2145 | D:8      | Found a staircase to the Lair.
  2307 | Lair:1   | Entered Level 1 of the Lair of Beasts
  2325 | Lair:1   | Identified Achufeon's Almanac of Harmful Flight
  2403 | Lair:1   | Noticed a spiny frog
  2412 | Lair:1   | Killed a spiny frog
  2448 | Lair:1   | Reached XP level 10. HP: 82/94 MP: 13/13
  2514 | Lair:1   | Noticed a spiny frog
  2522 | Lair:1   | Killed a spiny frog
  2522 | Lair:1   | Reached skill level 1 in Spellcasting
  2694 | Lair:2   | Noticed a griffon
  2722 | Lair:2   | Killed a griffon
  2722 | Lair:2   | Reached skill level 11 in Unarmed Combat
  2892 | Lair:3   | Noticed an elephant
  3238 | Lair:4   | Noticed a death yak
  3238 | Lair:4   | Noticed a death yak
  3267 | Lair:4   | Learned a level 2 spell: Repel Missiles
  3358 | Lair:5   | Reached XP level 11. HP: 76/104 MP: 14/14
  3379 | Lair:5   | Noticed Troxan's ghost (powerful DEFE)
  3409 | Lair:5   | Reached skill level 12 in Unarmed Combat
  3546 | Lair:4   | Reached skill level 1 in Shields
  3664 | Lair:3   | Noticed an elephant
  3665 | Lair:3   | Noticed an elephant
  3667 | Lair:3   | Noticed an elephant
  3682 | Lair:3   | Killed an elephant
  3687 | Lair:3   | Noticed an elephant
  3688 | Lair:3   | Noticed an elephant
  3690 | Lair:3   | Noticed an elephant
  3694 | Lair:4   | Noticed a death yak
  3762 | Lair:5   | Killed a death yak
  4231 | Lair:4   | Killed a death yak
  4245 | Lair:4   | Killed a death yak
  4552 | Lair:5   | Zin protects you from harm!
  4604 | Lair:4   | Killed an elephant
  4832 | Lair:6   | Reached skill level 13 in Unarmed Combat
  4868 | Lair:6   | Learned a level 1 spell: Apportation
  4886 | Lair:6   | Found a hole to the Spider Nest.
  4994 | Lair:6   | Found a staircase to the Swamp.
  5071 | Lair:6   | Reached skill level 1 in Translocations
  5201 | Lair:7   | Found a staircase to the Slime Pits.
  5318 | Lair:7   | Noticed a five-headed hydra
  5375 | Lair:7   | Found a labyrinth entrance.
  5477 | Lab      | Entered a labyrinth
  5662 | Lab      | Reached XP level 12. HP: 43/115 MP: 16/16
  5803 | Lab      | Noticed a minotaur
  5821 | Lab      | Killed a minotaur
  5829 | Lab      | Daniel: those are metal walls
  5829 | Lab      | Got a shimmering fire dragon armour
  5830 | Lab      | Daniel: nice gda nonetheless
  5842 | Lab      | Identified the +4 fire dragon armour "Kuozaxit" {rF++ rC- SInv} (You found it in a labyrinth)
  5843 | Lab      | 4tharraofdagon: hmm
  5999 | Lair:7   | Reached skill level 1 in Armour
  6096 | Lair:8   | Entered Level 8 of the Lair of Beasts
  6096 | Lair:8   | Noticed a seven-headed hydra
  6255 | Lair:8   | Identified a +9 rod of fiery destruction (10/10) (You found it in a labyrinth)
  6498 | Lair:7   | Found a bloodstained altar of Trog.
  6586 | Lair:7   | hmm
  6748 | Lair:8   | Noticed a dire elephant
  6764 | Lair:8   | Killed a dire elephant
  6783 | Lair:8   | Reached skill level 14 in Unarmed Combat
  6812 | Lair:8   | Noticed an eight-headed hydra
  6817 | Lair:8   | Noticed a dire elephant
  6822 | Lair:8   | Killed a 11-headed hydra
  6839 | Lair:8   | HP: 4/117 [dire elephant (26)]
  6840 | Lair:8   | Killed a dire elephant
  6958 | Lair:8   | Reached XP level 13. HP: 114/124 MP: 17/17
  6976 | Lair:8   | Noticed a four-headed hydra
  6989 | Lair:8   | Found a burning altar of Makhleb.
  7073 | Lair:8   | Killed a six-headed hydra
  7161 | Lair:8   | Reached skill level 5 in Shields
  7180 | Lair:8   | Found a gateway to Hell.
  7304 | Lair:8   | Noticed a four-headed hydra
  7316 | Lair:8   | Killed an eight-headed hydra
  7543 | Lair:7   | Reached skill level 5 in Translocations
  7621 | Lair:6   | Identified a +1 rod of warding (13/13) (You found it on level 6 of the Lair of Beasts)
  7788 | Lair:6   | Reached skill level 5 in Armour
  7862 | Lair:6   | Noticed a catoblepas
  7876 | Lair:6   | Killed a catoblepas
  8099 | Lair:4   | Killed an elephant
  8105 | Lair:4   | Killed an elephant
  8112 | Lair:4   | Killed an elephant
  8112 | Lair:4   | Reached skill level 5 in Evocations
  8171 | Lair:3   | Killed an elephant
  8211 | Lair:3   | Noticed an elephant
  8212 | Lair:3   | Noticed an elephant
  8213 | Lair:3   | Noticed an elephant
  8230 | Lair:3   | Killed an elephant
  8234 | Lair:3   | Killed an elephant
  8239 | Lair:3   | Killed an elephant
  8246 | Lair:3   | Killed an elephant
  8361 | Lair:3   | Noticed a black mamba
  8403 | Lair:3   | Killed a black mamba
  8435 | Lair:3   | Reached XP level 14. HP: 130/135 MP: 18/18
  8886 | D:9      | Paralysed by a giant eyeball for 4 turns
  9064 | D:9      | Found a blossoming altar of Fedhas.
  9088 | D:9      | Got a jewelled spear
  9096 | D:10     | Entered Level 10 of the Dungeon
  9097 | D:10     | Found Fraem's Food Shop.
  9106 | D:10     | Reached skill level 15 in Unarmed Combat
  9121 | D:10     | Bought a meat ration for 48 gold pieces
  9121 | D:10     | Bought a bread ration for 48 gold pieces
  9121 | D:10     | Bought a bread ration for 48 gold pieces
  9121 | D:10     | Bought a bread ration for 48 gold pieces
  9121 | D:10     | Bought a meat ration for 48 gold pieces
  9121 | D:10     | Bought a meat ration for 48 gold pieces
  9121 | D:10     | Bought a bread ration for 48 gold pieces
  9121 | D:10     | Bought a bread ration for 48 gold pieces
  9121 | D:10     | Bought a meat ration for 48 gold pieces
  9121 | D:10     | Bought a bread ration for 48 gold pieces
  9184 | D:10     | Found a staircase to the Orcish Mines.
  9221 | D:10     | Acquired Zin's fourth power
  9284 | D:10     | Found a glowing silver altar of Zin.
  9728 | D:11     | Noticed Urug
  9763 | D:11     | Killed Urug
  9764 | D:11     | Paralysed by a giant eyeball for 3 turns
  9952 | D:11     | Found a blossoming altar of Fedhas.
  9976 | D:11     | Noticed Maurice
  9986 | D:11     | Killed Maurice
 10383 | D:12     | Found Gocesh's Armour Shoppe.
 10619 | D:12     | Found an ancient bone altar of Kikubaaqudgha.
 10713 | D:12     | Identified the Incunabulum of the Forgotten Demons
 10773 | D:12     | Paralysed by a giant eyeball for 4 turns
 10876 | D:13     | Reached skill level 10 in Fighting
 10913 | D:13     | Ladykiller69: why zin
 10935 | D:13     | 4tharraofdagon: idk
 10935 | D:13     | 4tharraofdagon: i made mistake
 10935 | D:13     | Ladykiller69: I see that
 10935 | D:13     | 4tharraofdagon: it was 2 late when i realised zin requires massive food supplies
 10935 | D:13     | 4tharraofdagon: :(
 10999 | D:13     | Ladykiller69: amongst other things
 11022 | D:13     | Ladykiller69: still good luck
 11052 | D:14     | Ladykiller69: consider ely or TSO would be my guess
 11062 | D:13     | Ladykiller69: farewell
 11250 | D:14     | Found Wouf Ulu's Magical Wand Emporium.
 11648 | D:15     | Entered Level 15 of the Dungeon
 11696 | D:15     | Noticed Fannar
 11707 | D:15     | Killed Fannar
 11740 | D:16     | Entered Level 16 of the Dungeon
 11973 | D:16     | Found a gate to the Depths.
 12062 | D:16     | Reached XP level 15. HP: 144/144 MP: 20/20
 12252 | D:15     | Noticed Josephine
 12258 | D:14     | Killed Josephine
 12672 | Orc:1    | Entered Level 1 of the Orcish Mines
 12808 | Orc:2    | Noticed Erica
 12823 | Orc:2    | Killed Erica
 12885 | Orc:4    | Entered Level 4 of the Orcish Mines
 12988 | Orc:4    | Found a roughly hewn altar of Beogh.
 13000 | Orc:4    | Found Criokh's Armour Shop.
 13344 | Orc:4    | Found a roughly hewn altar of Beogh.
 13344 | Orc:4    | Found Karyawn's Antique Weapon Emporium.
 13346 | Orc:4    | Found Truo's Antique Armour Shoppe.
 13354 | Orc:4    | Bought a brightly glowing cloak for 186 gold pieces
 13358 | Orc:4    | Identified the +0 cloak of Howugoack {+Fly rC+ Dex-3} (You bought it in a shop on level 4 of the Orcish Mines)
 13504 | Orc:4    | Found a roughly hewn altar of Beogh.
 13563 | Orc:4    | Found a roughly hewn altar of Beogh.
 13727 | Orc:4    | Found a roughly hewn altar of Beogh.
 13741 | Orc:4    | Found Asiadae's Antique Weapon Shop.
 13763 | Orc:4    | Found a staircase to the Elven Halls.
 13778 | Elf:1    | Entered Level 1 of the Elven Halls
 13906 | Elf:3    | Entered Level 3 of the Elven Halls
 13981 | Elf:3    | Noticed Jorgrun
 14008 | Elf:2    | Killed Jorgrun
 14011 | Elf:2    | Reached skill level 16 in Unarmed Combat
 14040 | Elf:3    | Found a portal to a secret trove of treasure.
 14151 | Elf:3    | Noticed Snorg
 14161 | Elf:3    | Killed Snorg
 14256 | Elf:3    | HP: 2/145 [large abomination[a deep elf high priest] (13)]
 14259 | Elf:3    | Zin protects you from harm!
 14263 | Elf:3    | Killed from afar by a deep elf high priest

Action                   |  1- 3 |  4- 6 |  7- 9 | 10-12 | 13-15 || total
-------------------------+-------+-------+-------+-------+-------++-------
Melee: Unarmed           |    35 |    94 |   205 |   774 |  1965 ||  3073
Throw: Javelin           |       |       |       |     4 |       ||     4
       Large rock        |       |       |       |       |     2 ||     2
 Cast: Apportation       |       |       |       |     4 |     7 ||    11
Invok: Vitalisation      |       |     1 |     5 |    13 |    12 ||    31
 Abil: Blink             |       |       |       |     3 |       ||     3
Evoke: Wand              |     1 |     1 |     7 |    24 |    22 ||    55
       Rod               |       |       |       |     1 |       ||     1
       Miscellaneous     |       |       |       |       |     3 ||     3
  Use: Potion            |     2 |     1 |     2 |     5 |     4 ||    14
       Scroll            |       |     3 |       |    27 |    11 ||    41
 Stab: Sleeping          |     2 |       |       |     2 |       ||     4
       Paralysed         |       |       |       |     5 |     9 ||    14
       Fleeing           |       |       |       |       |     1 ||     1
